 Dungeon Crawl Stone Soup version 0.28.0-47-ge53b351184 (webtiles) character file.

Game seed: 6943213562831370050

37 Peloso the Shield-Bearer (level 3, -1/33 HPs)
             Began as a Minotaur Fighter on Apr 29, 2022.
             Slain by an adder (4 damage)
             ... on level 2 of the Dungeon.
             The game lasted 00:01:48 (703 turns).

Peloso the Shield-Bearer (Minotaur Fighter)          Turns: 703, Time: 00:01:48

Health: -1/33      AC:  7    Str: 19 (20) XL:     3   Next: 21%
Magic:  2/2        EV:  9    Int:  2 (5)  God:
Gold:   62         SH:  4    Dex:  9 (11) Spells: 2/2 levels left

rFire   + . .      SeeInvis .   a - +0 long sword
rCold   + . .      Faith    .   c - +0 buckler
rNeg    . . .      Spirit   .   b - +0 scale mail
rPois   +          Reflect  .   (helmet restricted)
rElec   +          Harm     .   (no cloak)
rCorr   +          Rampage  .   (no gloves)
Will    .....                   (no boots)
Stlth   ..........              (no amulet)
HPRegen 0.11/turn               (no ring)
MPRegen 0.08/turn               (no ring)

@: resistant
A: horns 2, retaliatory headbutt
a: no special abilities


You were on level 2 of the Dungeon.
You visited 1 branch of the dungeon, and saw 2 of its levels.

You collected 62 gold pieces.

Inventory:

Hand Weapons
 a - a +0 long sword (weapon)
Armour
 b - a +0 scale mail (worn)
 c - a +0 buckler (worn)
Scrolls
 e - 2 scrolls of identify {unknown}
 g - a scroll of amnesia {unknown}
Potions
 d - a potion of might
 h - a potion of degeneration


   Skills:
 + Level 4.0 Fighting
 + Level 2.9 Long Blades
 + Level 4.0 Armour
 + Level 4.3 Shields


You had 2 spell levels left.
You didn't know any spells.
Your spell library contained the following spells:

 Spells                   Type           Power      Damage    Failure   Level
 Shock                    Conj/Air       0%         1d3       94%         1


Dungeon Overview and Level Annotations

Branches:
Dungeon (2/15)

Altars:

Shops:
D:1 *[


Innate Abilities, Weirdness & Mutations

You have a pair of horns on your head.
You reflexively headbutt those who attack you in melee.


Message History

You feel agile. x2
You are too injured to fight recklessly!
You are too injured to fight recklessly!
Unknown command.
It was a potion of degeneration.
There was something very wrong with that liquid.
You feel weakened.
You feel dopey.
You feel clumsy.
You feel sick. You block the ball python's attack.
The ball python constricts you.
* * * LOW HITPOINT WARNING * * *
The adder bites you but does no damage.
It was a potion of resistance.
You feel protected.
You feel sick. The adder bites you but does no damage.
The ball python bites you but does no damage.
The ball python constricts you.
* * * LOW HITPOINT WARNING * * *
The adder bites you but does no damage.
The ball python bites you but does no damage.
The ball python constricts you.
You escape the ball python's grasp.
* * * LOW HITPOINT WARNING * * *
You feel sick.
You see here a giant cockroach corpse.
* * * LOW HITPOINT WARNING * * *
You feel sick.
A frilled lizard comes into view.
* * * LOW HITPOINT WARNING * * *
You feel sick.
The frilled lizard hisses angrily.
The adder closely misses you. You furiously retaliate!
You headbutt the adder!
* * * LOW HITPOINT WARNING * * *
You feel sick.
You are no longer poisoned.
You block the frilled lizard's attack. The adder bites you but does no damage.
The adder bites you but does no damage. The adder closely misses you.
The adder bites you.
You die...

##..####.##..## #.# ##..#†.......
#...# ##.....## #.# ##..#.......
#_..###...##...##.# ##.r.......
#........###...##.#######.S......
##....##.# ###........#####..####
..^..###..# ##...###..# ##.####
##^.## ##.####.......#..###.....#
....# ........S...##...#.....#
##..# ### #..@S...####.......#
....# #......rl.......>..# ....#
##############.....# #### #.....#
# #.....# #######


You could see an adder, a ball python, a frilled lizard and a rat.

Vanquished Creatures
  An adder (D:2)
  A dart slug (D:1)
  9 bats
  An endoplasm (D:2)
  2 giant cockroaches
  2 hobgoblins
  2 kobolds
  A ball python (D:1)
  A frilled lizard (D:1)
  3 goblins
  A rat (D:2)
24 creatures vanquished.

Vanquished Creatures (others)
  A fungus (D:2)
  2 plants (D:2)
3 creatures vanquished.

Grand Total: 27 creatures vanquished

Notes
Turn   | Place    | Note
-------+----------+-------------------------------------------
     0 | D:1      | Peloso the Minotaur Fighter began the quest for the Orb.
     0 | D:1      | Reached XP level 1. HP: 19/19 MP: 0/0
    94 | D:1      | Found Zustax's Antique Armour Shoppe.
   212 | D:1      | Reached XP level 2. HP: 25/27 MP: 1/1
   312 | D:1      | Found Ziussoc's General Store.
   581 | D:2      | Found a faded altar of an unknown god.
   613 | D:2      | Got Plato's Papyrus of Confrontation
   685 | D:2      | Reached XP level 3. HP: 10/33 MP: 2/2
   690 | D:2      | HP: 1/33 [poisoned by an adder]
   703 | D:2      | Slain by an adder

Illustrated notes

Levels and vault maps discovered:
D:1:      nzn_arrival_water_spiral, layout_basic, serial_shops,
          nicolae_square_shop, nicolae_shop_stone
D:2:      layout_rooms, shapermc_ecumenical_altar_rom_forum, serial_bayou_pond_d

Skill      XL: |  1  2 |
---------------+-------+-----
Shields        | 4 |  4.3
Fighting       | 4 |  4.0
Armour         | 4 |  4.0
Long Blades    | |  2.9

Action                   || total
-------------------------++-------
Melee: Long sword        ||    51
       Headbutt          ||     6
  Use: Potion            ||     2
Armor: Scale mail        ||    56
Dodge: Dodged            ||    44
Block: Buckler           ||    15
